 Dungeon Crawl Stone Soup version 0.23.2 (webtiles) character file.

Game seed: 8841887233335245413

61855 GreaterElenko the Covert (level 14, -20/64 HPs)
             Began as a Felid Fire Elementalist on Apr 9, 2019.
             Was the Champion of Okawaru.
             Killed from afar by Aizul (41 damage)
             ... with a poison arrow
             ... on level 1 of the Shoals on Apr 11, 2019.
             The game lasted 01:42:56 (35764 turns).

GreaterElenko the Covert (Felid Fire Elementalist) Turns: 35764, Time: 01:42:56

Health: -20/64     AC:  3    Str: 11    XL:     14   Next: 62%
Magic:  17/26      EV: 32    Int: 25    God:    Okawaru [******]
Gold:   1177       SH:  0    Dex: 17    Spells: 4/28 levels left
                                        Lives:  0   Deaths: 3

rFire    + . .     SeeInvis +     - Unarmed
rCold    + . .     Gourm    .   (shield unavailable)
rNeg     . . .     Faith    .   (armour unavailable)
rPois    .         Spirit   .   (helmet unavailable)
rElec    .         Reflect  .   (cloak unavailable)
rCorr    .         Harm     .   (gloves unavailable)
MR       ++...                  (boots unavailable)
Stlth    +++++++...             (no amulet)
HPRegen  0.20/turn              B - +6 ring of intelligence
MPRegen  0.20/turn              i - ring of protection from fire

@: mighty, lethally poisoned (-20 -> -40), heroism, finesse, quick
A: very small, no armour, no weapons or thrown items, stealth, claws 1, fangs 3,
see invisible, carnivore, speed 1, shaggy fur 3, slow metabolism 1, sharp paws
a: Heroism, Finesse, Renounce Religion


You were on level 1 of the Shoals.
You worshipped Okawaru.
Okawaru was exalted by your worship.
You were completely stuffed.

You visited 4 branches of the dungeon, and saw 23 of its levels.
You also visited: Bailey.

You collected 1976 gold pieces.
You spent 799 gold pieces at shops.

Inventory:

Missiles
 c - a throwing net {!f}
Jewellery
 i - a ring of protection from fire (right paw)
   (You bought it in a shop on level 2 of the Orcish Mines)
 p - an uncursed ring of ice
   (You found it on level 4 of the Dungeon)
 B - a +6 ring of intelligence (left paw)
   (You found it on level 7 of the Dungeon)
 G - the ring "Nokkali" {rN+ Stlth+}
   (You found it on level 3 of the Lair of Beasts)

   [ring of positive energy]

   It protects you from negative energy.
   It makes you more stealthy.
Wands
 t - a wand of flame (27)
   (You found it on level 1 of the Lair of Beasts)
 u - a wand of paralysis (31)
   (You bought it in a shop on level 6 of the Dungeon)
 v - a wand of digging (10)
   (You found it on level 8 of the Dungeon)
 x - a wand of acid (16)
   (You took it off a centaur on level 5 of the Dungeon)
 y - a wand of clouds (2)
   (You found it on level 12 of the Dungeon)
 H - a wand of enslavement (17)
   (You found it on level 3 of the Lair of Beasts)
 L - a wand of polymorph (14)
   (You found it on level 10 of the Dungeon)
Scrolls
 a - 12 scrolls of teleportation {@r4}
 b - 3 scrolls of magic mapping
 f - a scroll of blinking
 g - 3 scrolls of amnesia
 l - 5 scrolls of remove curse {@r2}
 n - a scroll of vulnerability {!r}
 r - 2 scrolls of immolation {!r}
 s - a scroll of summoning
 A - a scroll of silence
 I - a scroll of noise {unknown}
 J - 2 scrolls of fog
 M - 3 scrolls of fear
 Q - a scroll of torment {unknown}
Potions
 d - a potion of heal wounds {@q2}
 h - 10 potions of curing {@q1}
 j - 2 potions of flight
 k - 2 potions of cancellation
 m - a potion of might
 o - 2 potions of invisibility
 q - 5 potions of haste {@q3}
 w - 6 potions of brilliance
 C - 3 potions of agility
 D - 2 potions of magic
 E - a potion of berserk rage {unknown}
 K - a potion of resistance {unknown}
 O - 2 potions of ambrosia
 R - a potion of mutation {unknown}
Miscellaneous
 z - a phial of floods
   (You found it on level 13 of the Dungeon)
 F - 2 phantom mirrors
 N - a lamp of fire
   (You found it on level 12 of the Dungeon)
Comestibles
 e - 45 rations {!d}
 P - a chunk of flesh


   Skills:
 + Level 9.6(14.6) Fighting
 - Level 11.1(16.1) Dodging
 - Level 12.2(17.2) Stealth
 - Level 12.0(17.0) Unarmed Combat
 + Level 7.7 Spellcasting
 - Level 8.1 Conjurations
 * Level 4.2 Summonings
 - Level 8.0 Fire Magic
 * Level 3.0 Air Magic
 * Level 6.7 Earth Magic
 - Level 10.0 Invocations
 - Level 4.0 Evocations


You had 4 spell levels left.
You knew the following spells:

 Your Spells              Type           Power        Failure   Level  Hunger
a - Flame Tongue          Conj/Fire      #####        1%          1    None
b - Fireball              Conj/Fire      ######....   6%          5    #####..
c - Bolt of Magma         Conj/Fire/Erth #####.....   8%          5    #####..
d - Conjure Flame         Conj/Fire      ######..     1%          3    None
q - Sticky Flame          Conj/Fire      ######..     2%          4    ##.....
x - Throw Flame           Conj/Fire      ######       1%          2    None
z - Summon Lightning Spi  Summ/Air       ####....     14%         4    ##.....

Your spell library contained the following spells:

 Spells                   Type           Power        Failure   Level  Hunger
 Sandblast                Erth           #####.       1%          1    None
 Summon Small Mammal      Summ           ####         1%          1    None
 Call Imp                 Summ           ####....     1%          2    None
 Static Discharge         Conj/Air       #####...     1%          3    None
 Stone Arrow              Conj/Erth      #####.       1%          3    None
 Passwall                 Tmut/Erth      ####....     2%          2    None
 Call Canine Familiar     Summ           ####....     3%          3    None
 Inner Flame              Hex/Fire       ####....     3%          3    None
 Animate Skeleton         Necr           N/A          6%          1    None
 Apportation              Tloc           #.....       6%          1    None
 Confusing Touch          Hex            #.....       6%          1    None
 Summon Guardian Golem    Hex/Summ       ###.....     8%          3    None
 Corpse Rot               Necr           N/A          10%         2    None
 Leda's Liquefaction      Hex/Erth       ####......   16%         4    ##.....
 Petrify                  Tmut/Erth      ####....     16%         4    ##.....
 Summon Ice Beast         Ice/Summ       ###.....     26%         4    ##.....
 Lee's Rapid Deconstruct  Erth           #####.....   11%         5    #####..
 Iskenderun's Battlesphe  Conj/Chrm      ####....     32%         5    #####..
 Venom Bolt               Conj/Pois      ####......   32%         5    #####..
 Iron Shot                Conj/Erth      #####.....   41%         6    ######.
 Orb of Destruction       Conj           ######....   88%         7    #######
 Statue Form              Tmut/Erth      ####.....    94%         6    ######.
 Spellforged Servitor     Conj/Summ      #####.....   99%         7    #######
 Shatter                  Erth           #####.....   100%        9    #######
 Tornado                  Air            ####......   100%        9    #######


Dungeon Overview and Level Annotations

Branches:
Dungeon (14/15)            Temple (0/1) D:7            Lair (6/6) D:8
 Shoals (1/4) Lair:3        Snake (0/4) Lair:4        Slime (0/5) Lair:5
    Orc (2/2) D:12            Elf (0/3) Orc:2        Vaults (0/5) D:14

Altars:
Ashenzari
Cheibriados
Elyvilon
Hepliaklqana
Makhleb
Nemelex Xobeh
Okawaru
Qazlal
Sif Muna
Trog
Vehumet
Xom
Zin
The Shining One
Beogh

Shops:
D:6 }   D:7 %   D:13 ?   Orc:1 *   Orc:2 (=*=

Annotations:
D:6 1 runed translucent door, Crazy Yiuf
D:13 3 runed translucent doors, mive's ghost, journeyman MiBe
D:14 Rupert; Urug
Shoals:1 exclusion: kraken, Aizul


Innate Abilities, Weirdness & Mutations

You cannot wear armour.
You are incapable of wielding weapons or throwing items.
Your paws allow you to move quietly. (Stealth)
You have sharp claws.
You have razor-sharp teeth.
You have supernaturally acute eyesight. (SInv)
You are carnivorous and can eat meat at any time.
You cover ground quickly.
Your thick and shaggy fur keeps you warm. (AC +3, rC+)
You have a slow metabolism.
Your sharp claws are effective at attacking unaware monsters.


Message History

Found a ring mail.
You enter the shallow water.
Moving in this stuff is going to be slow.
You see here a chain mail.
Aizul the Neglectful Guardian comes into view.
Aizul shouts!
Okay, then.
Unknown command.
You can now deal lightning-fast blows.
You gain the combat prowess of a mighty hero.
Aizul coils herself and waves her upper body at you.
The bolt of poison misses you. Aizul hits you!
You see here a chain mail.
Aim: Aizul The sticky flame hits Aizul.
Aizul is covered in liquid flames!
Aizul burns!
Aizul casts a spell at you. You resist with some effort.
Aizul barely misses you.
Unknown command.
You barely miss Aizul.
Aizul burns!
You scratch Aizul but do no damage. Aizul hits you!!
* * * LOW HITPOINT WARNING * * *
You closely miss Aizul.
Aizul burns!
Aizul stops burning.
You mangle Aizul!! Aizul completely misses you.
You claw Aizul! You claw Aizul, but do no damage. Aizul completely misses you.
You scratch Aizul but do no damage. You miss Aizul. Aizul hits you!
* * * LOW HITPOINT WARNING * * *
You miss Aizul. You bite Aizul, but do no damage.
You feel very mighty all of a sudden.
Aizul yawns, and then pretends she didn't.
Aizul coils herself and waves her upper body at you.
You resist with some effort. Aizul completely misses you.
Unknown command.
You scratch Aizul. You claw Aizul! You mangle Aizul!! Aizul hits you.
* * * LOW HITPOINT WARNING * * *
You claw Aizul! You miss Aizul. Aizul closely misses you.
You scratch Aizul. You bite Aizul! You completely miss Aizul. You claw Aizul.
Aizul hits you but does no damage.
You completely miss Aizul. Your bite misses Aizul. You completely miss Aizul.
Aizul closely misses you.
You claw Aizul! Your bite misses Aizul. You claw Aizul!
You bite Aizul, but do no damage. Aizul casts a spell at you.
The poison arrow hits you!!!
You are poisoned.
Ouch! That really hurt!
You die...

#......≈≈≈≈≈.###..≈≈≈≈##.≈≈[
....#.#...≈≈≈≈.....≈≈....#.≈≈≈
. .####÷...≈≈≈≈≈≈..≈≈≈......≈(
....###.>.≈≈≈≈≈≈≈≈≈≈≈≈≈≈≈...(≈
..........≈≈≈≈≈≈≈≈≈≈≈≈≈≈≈≈..≈(
.......≈≈≈≈≈≈≈≈≈≈≈≈≈≈≈≈≈....≈≈
≈.≈≈≈.≈....≈≈≈≈≈..≈≈≈≈≈....≈≈≈
≈≈≈≈≈≈≈.!....≈≈...≈≈≈≈...≈≈≈≈.
..≈≈≈...##...@....≈≈≈≈≈≈≈≈≈≈≈.
.....#####.≈S......≈≈≈≈≈≈≈≈≈≈≈
§§≈.. #..............≈≈≈≈≈≈≈≈
.§≈≈. .......######..P≈≈≈≈≈≈≈.
...≈≈≈... #..P≈P≈.....
..≈≈≈≈≈.. #...≈P≈....#
..≈≈..... .....P≈P≈P..##
≈≈≈.... ...[..P≈≈≈...##
......≈P≈.....#


You could see Aizul.

Vanquished Creatures
  An orc warlord (Bailey)
  A dire elephant (Lair:6)
  Josephine (Shoals:1)
  4 hydras
  Fannar (Lair:2)
  A catoblepas (Lair:6)
  3 death yaks (Lair:6)
  A two-headed ogre (D:12)
  A deep troll shaman (Lair:6)
  9 orc high priests
  Sonja (Lair:6)
  2 sea snakes (Shoals:1)
  A lindwurm (Lair:6)
  5 orc knights
  An orc sorcerer (Orc:2)
  A cyclops (D:12)
  A deep elf mage (D:12)
  7 slime creatures
  3 manticores (Shoals:1)
  23 elephants
  A black mamba (Lair:4)
  A merfolk siren (Shoals:1)
  2 gargoyles (D:11)
  A kobold demonologist (D:11)
  9 spiny frogs
  2 komodo dragons
  A yaktaur (Orc:1)
  A rime drake (Lair:3)
  6 meliai
  A queen bee (Lair:4)
  8 trolls
  A merfolk (Shoals:1)
  8 polar bears
  A wind drake (Shoals:1)
  7 blink frogs
  3 snapping turtles
  4 dream sheep (Lair:4)
  7 hippogriffs
  A shadow (D:13)
  30 yaks
  7 wraiths
  Grum (D:8)
  Eustachio (D:5)
  3 wyverns (D:13)
  A basilisk (D:13)
  3 water elementals
  2 hungry ghosts (D:12)
  Menkaure (D:5)
  11 wargs
  A soldier ant (D:13)
  7 porcupines
  15 water moccasins
  22 orc warriors
  2 sky beasts
  2 black bears
  11 ice beasts
  10 ogres
  9 centaurs
  4 phantoms
  2 necrophages
  12 wolves
  10 crocodiles
  2 big kobolds (D:11)
  14 bullfrogs
  3 scorpions
  23 killer bees
  7 wights
  5 howler monkeys
  8 crimson imps
  A bullfrog zombie (D:12)
  6 hounds
  2 bullfrog skeletons
  3 centaur skeletons
  4 jellies
  40 orc priests
  4 iguanas
  19 orc wizards
  4 hell rats
  7 worker ants
  4 hound skeletons
  5 gnolls
  14 adders
  4 howler monkey skeletons
  2 shadow imps
  2 oozes
  3 adder zombies
  An adder skeleton (D:5)
  2 worms
  2 dart slugs
  6 leopard geckos
  106 orcs
  9 bats
  7 giant cockroaches
  14 goblins
  6 hobgoblins
  11 jackals
  24 kobolds
  2 quokkas
  2 ball pythons
  7 frilled lizards
  A jackal skeleton (D:5)
  A quokka skeleton (D:9)
  A quokka zombie (D:5)
  7 rats
  A fungus (Lair:2)
696 creatures vanquished.

Vanquished Creatures (others)
  A porcupine (Lair:1)
  An orc (Orc:2)
  A bush (Lair:6)
  7 fungi
  18 plants
28 creatures vanquished.

Grand Total: 724 creatures vanquished

Notes
Turn   | Place    | Note
-------+----------+-------------------------------------------
     0 | D:1      | GreaterElenko the Felid Fire Elementalist began the quest
                  | for the Orb.
     0 | D:1      | Reached XP level 1. HP: 7/7 MP: 4/4
    24 | D:1      | Reached skill level 1 in Conjurations
   194 | D:1      | Reached XP level 2. HP: 8/11 MP: 3/6
   544 | D:1      | Reached XP level 3. HP: 14/14 MP: 4/7
  1151 | D:2      | Reached XP level 4. HP: 15/18 MP: 5/8
  1181 | D:2      | Found an iron altar of Okawaru.
  1193 | D:2      | Became a worshipper of Warmaster Okawaru
  1492 | D:2      | Found a sparkling altar of Nemelex Xobeh.
  1994 | D:3      | Reached XP level 5. HP: 21/21 MP: 0/9
  2109 | D:3      | Reached skill level 1 in Unarmed Combat
  2696 | D:2      | Learned a level 2 spell: Throw Flame
  2700 | D:2      | Learned a level 3 spell: Conjure Flame
  2725 | D:3      | Found a deep blue altar of Sif Muna.
  3487 | D:4      | Found a glowing silver altar of Zin.
  3488 | D:4      | Found a hazy altar of Hepliaklqana.
  4145 | D:4      | Gained mutation: You are covered in thick fur. (AC +2)
                  | [Felid growth]
  4145 | D:4      | Reached XP level 6. HP: 21/24 MP: 5/11
  4253 | D:4      | Learned a level 4 spell: Sticky Flame
  4386 | D:5      | Entered Level 5 of the Dungeon
  4484 | D:5      | Noticed Eustachio
  4554 | D:5      | Found a glowing golden altar of the Shining One.
  4569 | D:5      | Noticed Menkaure
  4573 | D:5      | Killed Menkaure
  4573 | D:5      | Reached XP level 7. HP: 12/27 MP: 3/13
  4748 | D:5      | Reached * piety under Okawaru
  4765 | D:5      | Reached skill level 5 in Fire Magic
  4901 | D:5      | Killed Eustachio
  5069 | D:5      | Reached skill level 5 in Conjurations
  5479 | D:6      | Reached XP level 8. HP: 16/31 MP: 8/15
  5707 | D:6      | Found a burning altar of Makhleb.
  5940 | D:5      | Found a shimmering altar of Xom.
  6056 | D:5      | Noticed a hippogriff
  6071 | D:5      | Killed a hippogriff
  6071 | D:5      | Reached ** piety under Okawaru
  6429 | D:6      | Found Muetaic's Gadget Shoppe.
  6462 | D:6      | Bought a wand of paralysis (9) for 154 gold pieces
  6468 | D:6      | Learned a level 5 spell: Fireball
  6707 | D:6      | Found a white marble altar of Elyvilon.
  6809 | D:6      | Found a runed translucent door.
  6810 | D:6      | Noticed Crazy Yiuf
  6979 | D:7      | Found a stormy altar of Qazlal.
  7002 | D:7      | Reached skill level 5 in Spellcasting
  7030 | D:7      | Reached XP level 9. HP: 30/33 MP: 3/17
  7173 | D:7      | Found a staircase to the Ecumenical Temple.
  7371 | D:7      | Found Isax's Food Shoppe.
  7530 | D:8      | Noticed Grum
  8177 | D:8      | Killed Grum
  8177 | D:8      | Reached *** piety under Okawaru
  8897 | D:8      | Found a staircase to the Lair.
  9580 | D:9      | Reached XP level 10. HP: 28/36 MP: 6/21
  9936 | D:9      | Found a shattered altar of Ashenzari.
 10008 | D:9      | Found a bloodstained altar of Trog.
 10008 | D:9      | Found a radiant altar of Vehumet.
 10099 | D:9      | Reached skill level 1 in Fighting
 10329 | D:9      | Found a snail-covered altar of Cheibriados.
 10399 | Lair:1   | Entered Level 1 of the Lair of Beasts
 10417 | Lair:1   | Reached skill level 1 in Invocations
 10479 | D:8      | Slain by a bullfrog
 10480 | D:8      | Reached XP level 9. HP: 0/34 MP: 4/20
 10540 | D:8      | Reached **** piety under Okawaru
 11525 | Lair:1   | Noticed a spiny frog
 11527 | Lair:1   | Killed a spiny frog
 11527 | Lair:1   | Reached ***** piety under Okawaru
 11549 | Lair:1   | Reached skill level 5 in Stealth
 11793 | Lair:1   | Reached XP level 10. HP: 40/40 MP: 14/21
 11910 | Lair:1   | Reached skill level 5 in Dodging
 11941 | Lair:1   | Reached skill level 5 in Unarmed Combat
 12407 | Lair:2   | Noticed a spiny frog
 12730 | Lair:2   | Noticed Fannar
 12769 | Lair:2   | Killed Fannar
 12825 | Lair:2   | Noticed a catoblepas
 13178 | Lair:2   | Killed a spiny frog
 13178 | Lair:2   | Reached ****** piety under Okawaru
 13700 | Lair:3   | Reached XP level 11. HP: 46/46 MP: 12/22
 14063 | Lair:3   | Got an ancient bronze ring
 14102 | Lair:3   | Identified the ring "Nokkali" {rN+ Stlth+} (You found it on
                  | level 3 of the Lair of Beasts)
 15017 | Lair:3   | Found a staircase to the Shoals.
 15549 | Lair:4   | Noticed a seven-headed hydra
 15588 | Lair:4   | Killed a seven-headed hydra
 15588 | Lair:4   | Reached skill level 5 in Invocations
 15712 | Lair:4   | Reached skill level 5 in Fighting
 16519 | D:10     | Entered Level 10 of the Dungeon
 17907 | D:11     | Found a flagged portal.
 17913 | Bailey   | Entered a bailey
 17940 | Bailey   | Noticed an orc warlord
 18335 | Bailey   | Found a runed translucent gate.
 18337 | Bailey   | Found a runed translucent gate.
 18338 | Bailey   | Found a runed translucent gate.
 18345 | Bailey   | Noticed an orc knight
 18393 | Bailey   | Killed an orc knight
 18747 | Bailey   | Killed an orc warlord
 18747 | Bailey   | Gained mutation: Your thick and shaggy fur keeps you warm.
                  | (AC +3, rC+) [Felid growth]
 18747 | Bailey   | Reached XP level 12. HP: 28/52 MP: 3/23
 18805 | Bailey   | Reached XP level 13. HP: 39/56 MP: 11/24
 18806 | Bailey   | Reached skill level 10 in Stealth
 18806 | Bailey   | Reached skill level 10 in Unarmed Combat
 18806 | Bailey   | Reached XP level 14. HP: 43/61 MP: 11/25
 20334 | D:12     | Reached skill level 10 in Dodging
 20467 | D:12     | Found a staircase to the Orcish Mines.
 21267 | Orc:1    | Entered Level 1 of the Orcish Mines
 21593 | Orc:1    | Found Yleuzyc's General Store.
 21708 | Orc:1    | Bought a scroll of immolation for 45 gold pieces
 21708 | Orc:1    | Bought a potion of heal wounds for 65 gold pieces
 21721 | Orc:2    | Entered Level 2 of the Orcish Mines
 21721 | Orc:2    | Found a staircase to the Elven Halls.
 21721 | Orc:2    | Noticed Nessos
 21724 | Orc:2    | Noticed Nessos
 21724 | Orc:2    | Nessos changed into Nessos the yaktaur
 21837 | Orc:1    | Killed Nessos the yaktaur
 22351 | Orc:2    | Slain by an orc warrior
 22352 | Orc:2    | Reached XP level 13. HP: 0/57 MP: 24/24
 23509 | Orc:2    | Killed from afar by a smoke demon
 23510 | Orc:2    | Reached XP level 12. HP: 0/55 MP: 14/23
 23516 | Orc:2    | Killed an orc high priest
 23531 | Orc:2    | Reached skill level 10 in Invocations
 23959 | Orc:2    | Noticed an orc high priest
 24090 | Orc:2    | Killed an orc high priest
 24226 | Orc:2    | Noticed an orc high priest
 24230 | Orc:2    | Killed an orc high priest
 24327 | Orc:2    | Noticed an orc high priest
 24337 | Orc:2    | Found Buowuit's Jewellery Emporium.
 24337 | Orc:2    | Found Meolock's General Store.
 24517 | Orc:2    | Bought an uncursed ring of protection from fire for 325
                  | gold pieces
 24598 | Orc:2    | Noticed an orc high priest
 24605 | Orc:2    | Killed an orc high priest
 24650 | Orc:2    | Noticed an orc high priest
 24842 | Orc:1    | Learned a level 5 spell: Bolt of Magma
 24850 | Orc:2    | Killed an orc high priest
 24976 | Orc:2    | Killed an orc high priest
 24976 | Orc:2    | Reached skill level 1 in Evocations
 24976 | Orc:2    | Reached XP level 13. HP: 54/58 MP: 2/24
 25296 | Orc:2    | Reached skill level 1 in Earth Magic
 25531 | Orc:2    | Found a roughly hewn altar of Beogh.
 25651 | Orc:2    | Found Dieduomi's Jewellery Emporium.
 25651 | Orc:2    | Found Agenise's Antique Weapon Boutique.
 26813 | Lair:4   | Found a staircase to the Snake Pit.
 27403 | Lair:4   | Learned a level 4 spell: Summon Lightning Spire
 28546 | Lair:5   | Found a staircase to the Slime Pits.
 28820 | Lair:6   | Entered Level 6 of the Lair of Beasts
 30292 | D:13     | Found Xoupoj's Magic Scroll Emporium.
 30483 | D:13     | Bought a scroll of teleportation for 36 gold pieces
 30483 | D:13     | Bought a scroll of fog for 24 gold pieces
 30483 | D:13     | Bought a scroll of teleportation for 36 gold pieces
 30483 | D:13     | Bought a scroll of blinking for 90 gold pieces
 30483 | D:13     | Bought a scroll of identify for 24 gold pieces
 30492 | D:13     | Identified the Guide on Lightness and Unholy Arts
 30640 | D:13     | Reached skill level 5 in Earth Magic
 30648 | D:13     | Found a runed translucent gate.
 30649 | D:13     | Found a runed translucent gate.
 30650 | D:13     | Found a runed translucent gate.
 31048 | D:13     | Noticed mive's ghost (journeyman MiBe)
 31067 | D:14     | Found a gate to the Vaults.
 31067 | D:14     | Noticed Rupert
 31067 | D:14     | Noticed Urug
 31532 | Orc:1    | Reached skill level 1 in Summonings
 32084 | Lair:6   | Reached XP level 14. HP: 64/64 MP: 16/25
 32207 | Lair:6   | Reached skill level 1 in Air Magic
 32472 | Lair:6   | Noticed Sonja
 32475 | Lair:6   | Killed Sonja
 34397 | Shoals:1 | Entered Level 1 of the Shoals
 34471 | Shoals:1 | Noticed a kraken
 34525 | Shoals:1 | Noticed Josephine
 34530 | Shoals:1 | Killed Josephine
 34648 | Shoals:1 | HP: 1/64 [snapping turtle (25)]
 35741 | Shoals:1 | Noticed Aizul
 35764 | Shoals:1 | Killed from afar by Aizul

Skill      XL: |  1  2  3  4  5  6  7  8  9 10 11 12 13 14 |
---------------+-------------------------------------------+-----
Conjurations   | 1 2 3 4 5 6 8 |  8.1
Stealth        | 3 5 6 8 9 12 11 | 12.2
Fire Magic     | 3 4 5 7 8 |  8.0
Unarmed Combat | 1 4 6 8 9 12 | 12.0
Spellcasting   | 3 4 5 7 |  7.7
Dodging        | 4 6 8 9 11 10 | 11.1
Fighting       | 2 4 5 8 9 |  9.6
Invocations    | 2 4 6 10 8 9 | 10.0
Evocations     | 1 4 |  4.0
Earth Magic    | 5 6 |  6.7
Summonings     | 1 4 |  4.2
Air Magic      | 3 |  3.0

Action                   |  1- 3 |  4- 6 |  7- 9 | 10-12 | 13-15 || total
-------------------------+-------+-------+-------+-------+-------++-------
Melee: Unarmed           |    14 |    29 |    75 |   173 |   597 ||   888
       Bite              |       |     1 |     8 |    12 |    67 ||    88
       Punch             |       |       |     1 |     5 |    45 ||    51
 Cast: Flame Tongue      |    64 |   128 |   189 |   211 |   196 ||   788
       Throw Flame       |       |    10 |    31 |    75 |   117 ||   233
       Sticky Flame      |       |     1 |    32 |    76 |   138 ||   247
       Fireball          |       |       |     7 |    48 |    84 ||   139
       Conjure Flame     |       |       |     4 |    10 |    12 ||    26
Invok: Heroism           |       |       |     8 |    11 |    59 ||    78
       Finesse           |       |       |       |       |     5 ||     5
Evoke: Wand              |       |       |       |     6 |    12 ||    18
       Lamp of fire      |       |       |       |       |     1 ||     1
  Use: Scroll            |       |       |     8 |    13 |    12 ||    33
       Potion            |       |       |       |     3 |     9 ||    12
 Stab: Sleeping          |       |       |     3 |     1 |    19 ||    23
       Paralysed         |       |       |       |     1 |       ||     1
       Distracted        |       |       |       |     1 |     3 ||     4
       Petrified         |       |       |       |       |     2 ||     2
  Eat: Chunk             |     9 |     7 |    23 |    40 |    68 ||   147
Armor: Skin              |     1 |     5 |    14 |    11 |    25 ||    56
Dodge: Dodged            |    29 |    61 |   136 |   265 |   792 ||  1283
